 Dungeon Crawl Stone Soup version 0.29-a0-330-g52719c12eb (webtiles) character file.

Game seed: 18100632286940761371

31448 Alarak the Severer (level 13, -11/90 (104) HPs)
             Began as a Hill Orc Monk on Apr 14, 2022.
             Was a High Priest of Qazlal.
             Mangled by a tengu reaver
             ... wielding a +2 demon trident of draining
              (25 damage)
             ... on level 11 of the Dungeon on Apr 20, 2022.
             The game lasted 00:54:07 (15087 turns).

Alarak the Severer (Hill Orc Monk)                 Turns: 15087, Time: 00:54:08

HP:   -11/90 (104)  AC: 21    Str: 19    XL:     13   Next: 58%
MP:   27/27         EV:  6    Int: 10    God:    Qazlal [*****.]
Gold: 1220          SH:  6    Dex: 13    Spells: 12/12 levels left

rFire   . . .      SeeInvis .   g - +7 battleaxe of Springtime {vorpal, Contam rPois rCorr}
rCold   . . .      Faith    .   (shield currently unavailable)
rNeg    . . .      Spirit   .   L - +0 plate armour
rPois   +          Reflect  .   p - +2 helmet
rElec   .          Harm     .   e - +0 cloak
rCorr   +          Rampage  .   M - +2 pair of gloves {hurl}
Will    .....                   w - +0 pair of boots
Stlth   ..........              F - amulet of regeneration
HPRegen 1.05/turn               i - +4 ring of protection
MPRegen 0.20/turn               u - ring of poison resistance

@: protected from physical damage, corroded, heavily drained, repel missiles
A: no striking features
a: Renounce Religion, Upheaval, Elemental Force, Disaster Area


You were on level 11 of the Dungeon.
You worshipped Qazlal.
Qazlal was extremely pleased with you.
You visited 1 branch of the dungeon, and saw 13 of its levels.
You visited the Abyss 1 time.
You also visited: Bailey.

You collected 1220 gold pieces.

Inventory:

Hand Weapons
 g - the +7 battleaxe of Springtime (weapon) {vorpal, Contam rPois rCorr}
   (You acquired it on level 2 of the Dungeon)

   It inflicts extra damage upon your enemies.
   rPois:     It protects you from poison.
   Contam:    It causes magical contamination when unequipped.
   rCorr:     It protects you from acid and corrosion.
Armour
 e - a +0 cloak (worn)
 m - the +5 buckler "Butuqeas" {rPois rCorr Stlth+}
   (You found it on level 5 of the Dungeon)

   rPois:     It protects you from poison.
   rCorr:     It protects you from acid and corrosion.
   Stlth:     It makes you more stealthy.
 p - a +2 helmet (worn)
 v - a +0 chain mail
 w - a +0 pair of boots (worn)
 A - a +1 pair of gloves
 G - the +0 chain mail "Zemug" {SInv}
   (You took it off an orc warrior in a bailey)

   SInv:      It lets you see invisible.
 L - a +0 plate armour (worn)
 M - a +2 pair of gloves of hurling (worn)
Jewellery
 i - a +4 ring of protection (left hand)
 s - a ring of positive energy
 u - a ring of poison resistance (right hand)
 F - an amulet of regeneration (around neck)
 I - a ring of magical power
 J - a ring of willpower
 N - a +6 ring of intelligence
 Q - a ring of magical power
Wands
 b - a wand of digging (12)
 j - a wand of iceblast (3)
 t - a wand of paralysis (7)
 y - a wand of flame (19)
 P - a wand of mindburst (6)
Scrolls
 a - 3 scrolls of enchant armour
 n - 2 scrolls of amnesia
 o - a scroll of acquirement
 x - a scroll of fear
 z - 3 scrolls of enchant weapon
 C - 4 scrolls of identify
 H - a scroll of silence
 K - 2 scrolls of summoning
 S - a scroll of holy word {unknown}
Potions
 c - a potion of ambrosia
 d - 2 potions of degeneration
 f - 8 potions of curing
 h - a potion of heal wounds
 k - 4 potions of attraction
 l - 3 potions of might
 q - a potion of brilliance {unknown}
 r - 2 potions of invisibility
 B - 2 potions of flight
 D - 4 potions of haste
 E - 2 potions of lignification
 O - 2 potions of magic


   Skills:
 + Level 6.7 Fighting
 - Level 20.0 Axes
 + Level 1.2 Armour
 - Level 2.4 Dodging
 - Level 1.5 Stealth
 + Level 20.0 Invocations


You had 12 spell levels left.
You didn't know any spells.
Your spell library contained the following spells:

 Spells                   Type           Power      Damage    Failure   Level
 Foxfire                  Conj/Fire      0%         2x1d4     100%        1
 Magic Dart               Conj           0%         1d3       100%        1
 Searing Ray              Conj           0%         2d4       100%        2
 Call Canine Familiar     Summ           0%         N/A       100%        3
 Confusing Touch          Hex            0%         N/A       100%        3
 Conjure Flame            Conj/Fire      0%         6-21      100%        3
 Dazzling Flash           Conj/Hex       0%         N/A       100%        3
 Frozen Ramparts          Ice            0%         1d2       100%        3
 Inner Flame              Hex/Fire       0%         N/A       100%        3
 Ozocubu's Armour         Ice            0%         N/A       100%        3
 Portal Projectile        Hex/Tloc       0%         N/A       100%        3
 Tukima's Dance           Hex            0%         N/A       100%        3
 Airstrike                Air            0%         N/A       100%        4
 Anguish                  Hex/Necr       0%         N/A       100%        4
 Flame Wave               Conj/Fire      0%         2d4       100%        4
 Fulminant Prism          Conj/Hex       0%         3d6       100%        4
 Ice Form                 Ice/Tmut       0%         N/A       100%        4
 Iskenderun's Mystic Bla  Conj/Tloc      0%         2d3       100%        4
 Leda's Liquefaction      Hex/Erth       0%         N/A       100%        4
 Summon Ice Beast         Ice/Summ       0%         N/A       100%        4
 Summon Lightning Spire   Summ/Air       0%         N/A       100%        4
 Agony                    Necr           0%         N/A       100%        5
 Fireball                 Conj/Fire      0%         3d3       100%        5
 Iskenderun's Battlesphe  Conj           0%         2d6       100%        5
 Lightning Bolt           Conj/Air       0%         1d11      100%        5
 Metabolic Englaciation   Hex/Ice        0%         N/A       100%        5
 Silence                  Hex/Air        0%         N/A       100%        5
 Yara's Violent Unravell  Hex/Tmut       0%         3d3       100%        5
 Conjure Ball Lightning   Conj/Air       0%         3x3d6     100%        6
 Simulacrum               Ice/Necr       0%         N/A       100%        6
 Starburst                Conj/Fire      0%         6d3       100%        6
 Enfeeble                 Hex            0%         N/A       100%        7
 Orb of Destruction       Conj           0%         9d5       100%        7


Dungeon Overview and Level Annotations

Branches:
Dungeon (13/15)            Temple (0/1) D:6            Lair (0/6) D:9
    Orc (0/2) D:11         Bailey (visited)
 Vaults: D:13-14

Altars:
Dithmenos
Kikubaaqudgha
Nemelex Xobeh
Qazlal
Wu Jian
Xom

Shops:
D:2 *([


Message History

The tengu reaver pecks you but does no damage.
The tengu reaver claws you but does no damage.
You slash the tengu reaver!
The tengu reaver is lightly wounded.
The tengu reaver hits you with a +2 demon trident of draining!
You feel protected from physical attacks.
You feel drained.
The tengu reaver pecks you but does no damage.
The tengu reaver claws you but does no damage.
You miss the tengu reaver.
The tengu reaver is lightly wounded.
The tengu reaver blocks your attack.
The tengu reaver is lightly wounded.
The tengu reaver hits you with a +2 demon trident of draining.
You feel drained.
The tengu reaver pecks you but does no damage.
The tengu reaver claws you but does no damage.
The tengu reaver blocks your attack.
The tengu reaver is lightly wounded.
You block the tengu reaver's attack. x2
The tengu reaver claws you but does no damage.
The tengu reaver blocks your attack.
The tengu reaver is lightly wounded.
The tengu reaver hits you with a +2 demon trident of draining!
You feel drained.
* * * LOW HITPOINT WARNING * * *
The tengu reaver pecks you but does no damage.
The tengu reaver claws you but does no damage.
The tengu reaver attacks as you move away!
The tengu reaver hits you with a +2 demon trident of draining!
* * * LOW HITPOINT WARNING * * *
You feel more protected from physical attacks.
You feel drained.
* * * LOW HITPOINT WARNING * * *
The tengu reaver pecks you but does no damage.
The tengu reaver claws you but does no damage.
The tengu reaver barely misses you.
There is a stone staircase leading up, spattered with blood here.
The tengu reaver hits you from afar with a +2 demon trident of draining!!
You die...

#......#.####.........###..#
..........#.###............####
..#.>.........#...............##
..##...#......#................#
...#..###....................###
.......#......##..............#
.........####.###.............#
..........#######°............#
######....##.###@○.......#...##
...♣♣#........Q..☼.....>.#....##
≈≈≈.♣#.....#.§.○........#......#
≈≈≈≈.#..#..#.....°......#####..#
≈≈≈.♣#####....####.....## #.##
.^.♣♣
#...##...###......######### ####
######.....#..........## #.
♣♣♣♣♣
♣♣.♣♣#.............#...###.
....♣
♣.♣.♣#............#........


You could see a tengu reaver.

Vanquished Creatures
  A fire dragon (D:11)
  3 boulder beetles
  A hydra (D:11)
  9 two-headed ogres
  A tengu warrior (D:11)
  Lodul (D:13)
  A deep elf pyromancer (D:12)
  2 ugly things
  5 cyclopes
  2 gargoyles
  4 unseen horrors
  A kobold demonologist (D:11)
  3 komodo dragons
  12 trolls
  2 hornets
  11 slime creatures
  4 wraiths
  18 yaks
  5 shadows
  3 steam dragons
  A basilisk (D:11)
  A wyvern (D:6)
  Grum (D:9)
  An acid dragon (D:10)
  8 orc warriors
  2 ice beasts
  5 wolves (D:9)
  5 centaurs
  4 ogres
  12 kobold brigands
  A phantom (D:5)
  3 bullfrogs
  2 gnoll sergeants
  2 necrophages (D:7)
  A scorpion (D:4)
  14 wights
  5 spriggan skeletons (D:11)
  14 killer bees
  2 howler monkeys
  2 electric eels (D:9)
  A troll skeleton (D:11)
  6 hounds (D:9)
  2 jellies
  Crazy Yiuf (D:6)
  3 gnoll shamans (D:9)
  An orc priest (D:6)
  4 iguanas
  Terence (D:2)
  Ijyb (D:4)
  5 orc wizards
  Robin (D:2)
  17 gnolls
  4 adders
  A shadow imp (D:5)
  2 white imps (D:6)
  An ufetubus (D:6)
  2 worms
  10 dart slugs
  21 orcs
  3 bat zombies (D:10)
  8 endoplasms
  5 giant cockroaches
  15 goblins
  13 hobgoblins
  4 jackals (D:3)
  4 quokkas
  9 ball pythons
  8 bats
  A frilled lizard (D:3)
  19 kobolds
  8 rats
  2 rat zombies (D:10)
358 creatures vanquished.

Vanquished Creatures (collateral kills)
  A worm (D:3)
1 creature vanquished.

Grand Total: 359 creatures vanquished

Notes
Turn   | Place    | Note
-------+----------+-------------------------------------------
     0 | D:1      | Alarak the Hill Orc Monk began the quest for the Orb.
     0 | D:1      | Reached XP level 1. HP: 19/19 MP: 1/1
   338 | D:1      | Reached XP level 2. HP: 26/26 MP: 2/2
   528 | D:1      | Reached skill level 5 in Axes
  1064 | D:1      | Reached XP level 3. HP: 26/31 MP: 3/3
  1316 | D:2      | Identified a scroll of acquirement
  1316 | D:2      | Acquired the +7 battleaxe of Springtime {vorpal, Contam
                  | rPois rCorr}
  1356 | D:2      | Found Qiryepuk's Assorted Antiques.
  1495 | D:2      | Noticed Robin
  1501 | D:2      | Reached XP level 4. HP: 35/39 MP: 4/4
  1505 | D:2      | Killed Robin
  1579 | D:2      | Found Akuuna's Antique Weapon Shoppe.
  1636 | D:2      | Noticed Terence
  1642 | D:2      | Killed Terence
  1850 | D:2      | Found Eciag's Armour Boutique.
  1977 | D:2      | Reached XP level 5. HP: 45/45 MP: 5/5
  2083 | D:2      | Found a faded altar of an unknown god.
  2182 | D:3      | Found a shimmering altar of Xom.
  2556 | D:3      | Found a sparkling altar of Nemelex Xobeh.
  2714 | D:3      | Found a stormy altar of Qazlal.
  2725 | D:3      | Became a worshipper of Qazlal Stormbringer
  2725 | D:3      | Reached * piety under Qazlal
  2725 | D:3      | Reached ** piety under Qazlal
  3385 | D:4      | Reached XP level 6. HP: 51/51 MP: 6/6
  3400 | D:4      | Found a shadowy altar of Dithmenos.
  3664 | D:4      | Reached skill level 10 in Axes
  3967 | D:4      | Noticed Ijyb
  3976 | D:4      | Killed Ijyb
  3977 | D:4      | Reached XP level 7. HP: 57/57 MP: 7/7
  4872 | D:5      | Entered Level 5 of the Dungeon
  5125 | D:5      | Identified the +5 buckler "Butuqeas" {rPois rCorr Stlth+}
  5778 | D:6      | Noticed a shadow
  5928 | D:6      | Reached XP level 8. HP: 62/64 MP: 8/8
  6211 | D:6      | Killed a shadow
  6304 | D:6      | Found a staircase to the Ecumenical Temple.
  6317 | D:6      | Reached skill level 1 in Invocations
  6486 | D:6      | Found a runed translucent door.
  6487 | D:6      | Noticed Crazy Yiuf
  6736 | D:6      | Cast into level 1 of the Abyss (Crazy Yiuf)
  6783 | D:6      | Escaped the Abyss
  6785 | D:6      | Killed Crazy Yiuf
  6913 | D:7      | Found a flagged portal.
  6933 | Bailey   | Entered a bailey
  6978 | Bailey   | Reached skill level 5 in Invocations
  7147 | Bailey   | Reached XP level 9. HP: 66/70 MP: 11/13
  7180 | Bailey   | Identified the +0 chain mail "Zemug" {SInv}
  7194 | Bailey   | Reached *** piety under Qazlal
  7249 | Bailey   | Found a bloodstained altar of Trog.
  7384 | D:7      | Reached skill level 10 in Invocations
  7889 | D:7      | Reached XP level 10. HP: 76/77 MP: 17/17
  8291 | D:8      | Reached skill level 15 in Axes
  8645 | D:8      | Noticed a two-headed ogre
  8650 | D:8      | Killed a two-headed ogre
  9672 | D:9      | Reached skill level 5 in Fighting
  9682 | D:9      | Reached **** piety under Qazlal
  9705 | D:9      | Noticed a two-headed ogre
  9717 | D:9      | Killed a two-headed ogre
  9718 | D:9      | Reached XP level 11. HP: 70/89 MP: 18/18
 10332 | D:9      | Found an ornate altar of the Wu Jian Council.
 10353 | D:9      | Found a staircase to the Lair.
 10370 | D:9      | Noticed Grum
 10380 | D:9      | Killed Grum
 10935 | D:10     | Entered Level 10 of the Dungeon
 10939 | D:10     | Identified the +2 pair of gloves of Courage {Rampage *Slow
                  | rF+ rC+}
 10942 | D:10     | Noticed a two-headed ogre
 10965 | D:10     | Killed a two-headed ogre
 11251 | D:10     | Found an ancient bone altar of Kikubaaqudgha.
 11318 | D:10     | Noticed a cyclops
 11324 | D:10     | Killed a cyclops
 11475 | D:10     | Found the +3 hat of Pondering {ponderous, Will+ MP+10
                  | Int+5}
 11852 | D:11     | Noticed a cyclops
 11864 | D:11     | Killed a cyclops
 11934 | D:11     | Reached ***** piety under Qazlal
 11951 | D:11     | Noticed a cyclops
 11954 | D:11     | Noticed a boulder beetle
 11957 | D:11     | Killed a cyclops
 11965 | D:11     | Reached XP level 12. HP: 92/97 MP: 18/21
 11977 | D:11     | Killed a boulder beetle
 12043 | D:11     | Noticed a five-headed hydra
 12046 | D:11     | Killed an eight-headed hydra
 12358 | D:11     | Noticed a two-headed ogre
 12366 | D:11     | Killed a two-headed ogre
 12584 | D:11     | Reached skill level 15 in Invocations
 12622 | D:11     | Noticed a two-headed ogre
 12627 | D:11     | Killed a two-headed ogre
 12817 | D:11     | Noticed a fire dragon
 12820 | D:11     | Killed a fire dragon
 12944 | D:11     | Noticed a tengu warrior
 12961 | D:11     | Killed a tengu warrior
 13054 | D:11     | Noticed a tengu reaver
 13313 | D:11     | Identified the +3 spear "Epuisep" {antimagic, rPois Str+3}
 13346 | D:11     | Found a staircase to the Orcish Mines.
 13604 | D:12     | You fall into a shaft and drop 1 floor!
 13697 | D:12     | Noticed a two-headed ogre
 13709 | D:12     | Killed a two-headed ogre
 13960 | D:12     | Reached XP level 13. HP: 94/103 MP: 25/25
 14962 | D:13     | Noticed Lodul
 14972 | D:13     | Killed Lodul
 14973 | D:13     | Reached skill level 1 in Armour
 15087 | D:11     | Mangled by a tengu reaver

Illustrated notes

Levels and vault maps discovered:
D:1:      sevenhm_arrival_forest_fort_small_6, layout_basic, minmay_domino_4
D:2:      layout_loops_cross, serial_shops, shop, shop, shop,
          shapermc_ecumenical_altar_acropolis, uniq_terence, uniq_robin
D:3:      layout_basic, nemelex_altar_shiori, mainiacjoe_overflow_catwalk,
          mainiacjoe_overflow_24_doors
D:4:      kennysheep_slugbush, layout_basic, grunt_dithmenos_smoke, uniq_ijyb
D:5:      layout_loops_ring
D:6:      lemuel_ice_spiral_2, layout_rooms, minmay_temple_entry_glass,
          grunt_decor_clamped, uniq_crazy_yiuf_cottage
D:7:      nicolae_BIG_FREAKIN_CUBE, layout_loops_cross, enter_bailey_4
D:8:      minmay_weird_star, layout_gridville, serial_rivers,
          chequers_serial_rivers_small_a, chequers_serial_rivers_large_b,
          chequers_serial_rivers_room_b, chequers_serial_rivers_small_3,
          chequers_serial_rivers_micro_c, nicolae_ossuary_entry_false_entrances,
          minmay_between
D:9:      layout_loops_ring, marbit_many_paths, erik_lair_island, uniq_grum
D:10:     layout_basic, lemuel_zombie_altar_kikubaaqudgha
D:11:     nzn_winding_woodlands_cross [nzn_winding_woodlands_5x15_parted,
          nzn_winding_woodlands_5x15_sawtooth, nzn_winding_woodlands_5x15_eye,
          nzn_winding_woodlands_5x15_river_crossing,
          nzn_winding_woodlands_15x15_boxy_spiral], layout_cave_pools,
          orc_0_dummy, hangedman_tell_no_tales
D:12:     minmay_polygon_palace, layout_cave_pods, serial_park,
          serial_park_tiny_2, serial_park_tiny_2, serial_park_avenue1,
          kennysheep_generic_room_10
D:13:     layout_basic, david_vaults_4, skrybe_limestone_x, uniq_lodul

Skill      XL: |  1  2  3  4  5  6  7  8  9 10 11 12 13 |
---------------+----------------------------------------+-----
Axes           | 5 6 7 8 10 12 13 14 17 20 | 20.0
Invocations    | 6 10 12 17 20 | 20.0
Fighting       | 6 |  6.7
Armour         | 1 |  1.2
Dodging        | |  2.4
Stealth        | |  1.5

Action                   |  1- 3 |  4- 6 |  7- 9 | 10-12 | 13-15 || total
-------------------------+-------+-------+-------+-------+-------++-------
Melee: Hand axe          |    70 |       |       |       |       ||    70
       Battleaxe         |    19 |   118 |   155 |   392 |   114 ||   798
Invok: Upheaval          |       |       |     1 |     1 |     1 ||     3
       Elemental Force   |       |       |       |       |     1 ||     1
       Disaster Area     |       |       |       |       |     1 ||     1
Evoke: Wand              |       |     1 |       |     5 |       ||     6
  Use: Scroll            |     2 |     6 |     3 |    12 |     1 ||    24
       Potion            |       |       |     1 |     2 |     1 ||     4
 Stab: Sleeping          |     4 |     1 |       |       |       ||     5
Armor: Robe              |     7 |       |       |       |       ||     7
       Ring mail         |     7 |    51 |     1 |       |       ||    59
       Chain mail        |       |       |    93 |    25 |       ||   118
       Plate armour      |       |       |       |   185 |    49 ||   234
Dodge: Dodged            |    49 |    52 |    47 |    97 |    25 ||   270
       Repelled          |       |       |       |     2 |       ||     2
Block: Other             |       |     4 |    24 |    70 |    25 ||   123

Table legend: (Time is in decaauts)
 A = Elapsed time spent in this place.
 B = Non-inter-level travel time spent in this place.
 C = Inter-level travel time spent in this place.
 D = Time resting spent in this place.
 E = Time spent auto-exploring this place.
 F = Levels seen in this place.
 G = Mean time per level.
                   A        B        C        D        E       F      G
               +--------+--------+--------+--------+--------+-----+--------+
         Total |  15106 |  14141 |    965 |   3224 |   8752 |  15 | 1007.1 |
       Dungeon |  14655 |  13690 |    965 |   3096 |   8561 |  13 | 1127.3 |
         Abyss |     46 |     46 |      0 |      0 |     41 |   1 |   46.0 |
        Bailey |    404 |    404 |      0 |    128 |    149 |   1 |  404.0 |
               +--------+--------+--------+--------+--------+-----+--------+

Top non-repeatable levels by time:
    D:11: 1556 daAuts
     D:8: 1515 daAuts
    D:12: 1429 daAuts
     D:4: 1375 daAuts
     D:1: 1318 daAuts
     D:3: 1240 daAuts
     D:6: 1206 daAuts
     D:9: 1155 daAuts
     D:2: 1002 daAuts
     D:5: 973 daAuts
    D:10: 861 daAuts
     D:7: 802 daAuts
  Bailey: 404 daAuts
    D:13: 219 daAuts
 Abyss:1: 46 daAuts
